AoeStats
← ULIVS96

Arena

510634793Analyzed
4v4 RM · 2d ago on Oct 1, 2026· 49m 10s· 8 players
Game mode
Random Map
Map size
Large (8 player)
Population
200
Speed
Normal
Resources
Standard
Victory
Conquest
Starting age
Dark Age
Ending age
Imperial Age
RankedLock teamsTeams togetherTeam positionsShared explorationLock speedFull tech treeHidden civsTurbo modeCheats
Victory
Defeat
🇦🇷 Romans · Argentina
1042
+13
🇦🇷 Vietnamese · Argentina
1008
+15
🇦🇷 Huns · Argentina
959
+17
🇧🇷 Turks · Brazil
882
+19
🇲🇽 Franks · Mexico
1029
-18
🇹🇷 Burgundians · Türkiye
1014
-18
🇲🇽 Varangians · Mexico
971
-16
🇩🇪 Bohemians · Germany
874
-22
PITUFO1998
11:40 Feudal Age
14:16 Double-Bit Axe
16:57 Castle Age
15:03 Town Watch
15:05 Loom
16:48 Wheelbarrow
18:10 Bow Saw
28:34 Gold Mining
28:34 Stone Mining
33:00 Imperial Age
33:27 Fletching
33:38 Padded Archer Armor
33:39 Scale Mail Armor
34:24 Conscription
35:19 Forging
35:15 Scale Barding Armor
35:14 Husbandry
38:55 Ordonnance Companies
38:59 Cavalier
42:43 Onager
Tar-palantir
11:31 Feudal Age
10:15 Double-Bit Axe
10:12 Horse Collar
10:45 Gold Mining
12:22 Bow Saw
12:15 Heavy Plow
13:17 Gold Shaft Mining
19:13 Castle Age
17:22 Stone Mining
19:17 Stone Shaft Mining
21:09 Two-Man Saw
20:54 Crop Rotation
21:50 Fervor
22:31 Wheelbarrow
21:51 Town Watch
24:29 Hand Cart
27:49 Imperial Age
27:57 Imperial Age
26:44 Forging
26:40 Scale Barding Armor
27:49 Husbandry
27:10 Cavalier
29:23 Iron Casting
29:09 Chain Barding Armor
28:41 Fletching
29:56 Chemistry
32:33 Ballistics
32:03 Loom
32:18 Town Patrol
34:34 Paladin
36:21 Blast Furnace
37:34 Murder Holes
38:57 Plate Barding Armor
38:18 Bodkin Arrow
41:51 Pikeman
42:32 Squires
42:36 Scale Mail Armor
42:37 Bracer
43:16 Fortified Wall
45:22 Chain Mail Armor
44:33 Light Cavalry
46:40 Halberdier
m4jest1cs
10:03 Feudal Age
11:07 Double-Bit Axe
11:12 Horse Collar
18:51 Castle Age
20:19 Heavy Plow
20:32 Bow Saw
21:49 Wheelbarrow
21:00 Loom
22:39 Town Watch
23:10 Hand Cart
22:49 Man-at-Arms
23:59 Fletching
26:14 Bodkin Arrow
27:06 Town Patrol
27:24 Forging
28:40 Elite Skirmisher
30:29 Ballistics
31:10 Chemistry
37:36 Imperial Age
36:23 Iron Casting
35:49 Padded Archer Armor
35:50 Scale Mail Armor
36:21 Murder Holes
38:17 Bracer
39:16 Squires
38:36 Pikeman
40:50 Masonry
43:03 Chain Mail Armor
ULIVS96
2:09 Loom
9:24 Feudal Age
12:59 Double-Bit Axe
16:16 Castle Age
15:44 Horse Collar
17:39 Wheelbarrow
18:40 Wheelbarrow
25:38 Loom
27:45 Bow Saw
28:56 Treadmill Crane
29:48 Heavy Plow
29:40 Elite Skirmisher
33:30 Imperial Age
31:35 Scale Mail Armor
31:44 Gold Mining
31:45 Stone Mining
32:12 Fletching
32:56 Forging
33:00 Padded Archer Armor
34:12 Bodkin Arrow
34:23 Scale Barding Armor
34:34 Leather Archer Armor
35:14 Ballistics
34:45 Cranequins
36:43 Chemistry
38:05 Gothikon
38:12 Gothikon
41:02 Conscription
40:03 Vendel Legacy
41:19 Bracer
41:50 Ring Archer Armor
41:27 Husbandry
41:37 Bloodlines
40:48 Cavalier
42:16 Chain Barding Armor
42:32 Iron Casting
47:34 Blast Furnace
47:10 Plate Barding Armor
46:21 Light Cavalry
47:22 Hussar
48:06 Elite Jarl
Santini
11:07 Feudal Age
12:15 Loom
17:03 Castle Age
38:54 Bloodlines
38:45 Husbandry
38:53 Scale Barding Armor
38:59 Forging
44:15 Imperial Age
44:02 Wheelbarrow
44:49 Heavy Camel Rider
49:06 Conscription
WWPKIMI
10:26 Feudal Age
12:12 Double-Bit Axe
12:08 Horse Collar
17:43 Castle Age
15:54 Gold Mining
16:23 Stone Mining
19:26 Wheelbarrow
19:04 Bow Saw
19:02 Heavy Plow
20:26 Hand Cart
21:47 Loom
29:40 Gold Shaft Mining
30:06 Husbandry
30:17 Bloodlines
32:18 Forging
32:13 Scale Barding Armor
36:03 Imperial Age
35:03 Chain Barding Armor
35:18 Iron Casting
35:04 Chain Barding Armor
35:19 Iron Casting
36:05 Cavalier
37:23 Plate Barding Armor
37:59 Blast Furnace
38:02 Two-Man Saw
37:50 Paladin
42:41 Capped Ram
Trazo :D
7:48 Loom
10:09 Feudal Age
10:38 Double-Bit Axe
17:38 Castle Age
16:00 Stone Mining
16:36 Gold Mining
18:38 Horse Collar
22:02 Elite Skirmisher
26:52 Bow Saw
27:33 Heavy Plow
28:39 Wheelbarrow
29:22 Ballistics
28:58 Murder Holes
29:26 Hand Cart
29:16 Town Watch
29:50 Padded Archer Armor
29:50 Fletching
34:05 Imperial Age
32:15 Stone Shaft Mining
32:08 Masonry
32:17 Bodkin Arrow
32:38 Leather Archer Armor
33:09 Thumb Ring
35:50 Chemistry
34:19 Elite Rattan Archer
35:16 Town Patrol
35:50 Ring Archer Armor
35:26 Bracer
36:12 Imperial Skirmisher
37:24 Husbandry
39:47 Two-Man Saw
43:00 Crop Rotation
44:25 Scale Barding Armor
44:31 Forging
45:34 Chatras
48:16 Elite Battle Elephant
julitom21
6:58 Loom
9:43 Feudal Age
15:10 Castle Age
17:46 Loom
24:36 Horse Collar
30:35 Imperial Age
30:04 Wheelbarrow
29:15 Town Watch
30:08 Double-Bit Axe
30:14 Stone Mining
30:15 Gold Mining
30:27 Heavy Plow
31:14 Bow Saw
32:12 Gold Shaft Mining
31:38 Fletching
31:55 Scale Barding Armor
32:00 Forging
32:46 Hand Cart
32:32 Town Patrol
33:00 Conscription
32:56 Ballistas
32:27 Man-at-Arms
32:27 Pikeman
33:08 Squires
34:22 Caravan
34:46 Town Patrol
34:16 Long Swordsman
35:52 Iron Casting
35:39 Chain Barding Armor
36:51 Bloodlines
36:42 Husbandry
36:08 Legionary
37:24 Heavy Scorpion
38:15 Halberdier
39:25 Bodkin Arrow
40:06 Plate Barding Armor
40:32 Blast Furnace
40:15 Crop Rotation
40:36 Cavalier
40:37 Light Cavalry
41:52 Ballistics
41:20 Capped Ram
43:28 Chemistry
42:39 Masonry
42:43 Siege Ram
45:38 Siege Engineers
46:03 Architecture
45:46 Fortified Wall
46:28 Comitatenses
45:29 Elite Centurion
47:25 Scale Mail Armor
Connection lost

Rejoining the realm…

Still unreachable

The connection could not be restored.

Session expired

The server has moved on; the page needs a fresh start.